 Dungeon Crawl Stone Soup version 0.25-a0-591-g2ad0d861f1 (webtiles) character file.

Game seed: 10444096149399290532, levelgen mode: deterministic

47 Gynju the Magician (level 3, -11/19 HPs)
             Began as a Deep Elf Wizard on Mar 14, 2020.
             Mangled by Sigmund
             ... wielding a +0 scythe
              (14 damage)
             ... on level 2 of the Dungeon.
             The game lasted 00:02:25 (1814 turns).

Gynju the Magician (Deep Elf Wizard)                Turns: 1814, Time: 00:02:26

Health: -11/19     AC:  2    Str:  5    XL:     3   Next: 48%
Magic:  7/12       EV: 13    Int: 22    God:
Gold:   87         SH:  0    Dex: 13    Spells: 9/14 levels left

rFire    . . .     SeeInvis .   i - -3 mace (curse)
rCold    . . .     Gourm    .   (no shield)
rNeg     . . .     Faith    .   a - +0 robe
rPois    .         Spirit   .   b - +0 hat
rElec    .         Reflect  .   (no cloak)
rCorr    .         Harm     .   (no gloves)
MR       .....                  (no boots)
Stlth    ++........             (no amulet)
HPRegen  0.06/turn              (no ring)
MPRegen  0.13/turn              (no ring)

@: no status effects
A: no striking features
a: no special abilities


You were on level 2 of the Dungeon.
You were not hungry.

You visited 1 branch of the dungeon, and saw 2 of its levels.

You collected 87 gold pieces.

Inventory:

Hand Weapons
 i - a cursed -3 mace (weapon)
Armour
 a - a +0 robe (worn)
 b - a +0 hat (worn)
Scrolls
 c - a scroll of enchant armour {unknown}
 e - 3 scrolls of identify {unknown}
 f - a scroll of teleportation {unknown}
 g - a scroll of immolation {unknown}
 k - a scroll of remove curse {unknown}
 l - a scroll of enchant weapon {unknown}
 m - a scroll of amnesia {unknown}
Potions
 h - 2 potions of curing {unknown}
Comestibles
 d - 4 rations
 j - 2 chunks of flesh


   Skills:
 - Level 2.4 Dodging
 - Level 2.4 Stealth
 + Level 6.3 Spellcasting
 - Level 1.1 Conjurations
 - Level 1.1 Summonings
 - Level 1.1 Translocations


You had 9 spell levels left.
You knew the following spells:

 Your Spells              Type           Power        Failure   Level  Hunger
a - Magic Dart            Conj           ##..         5%          1    None
b - Blink                 Tloc           N/A          9%          2    None
c - Call Imp              Summ           ##......     9%          2    None

Your spell library contained the following spells:

 Spells                   Type           Power        Failure   Level  Hunger
 Slow                     Hex            #.......     13%         2    None
 Conjure Flame            Conj/Fire      #.......     22%         3    #......
 Mephitic Cloud           Conj/Pois/Air  #.......     22%         3    #......


Dungeon Overview and Level Annotations

Branches:
Dungeon (2/15)

Altars:

Annotations:
D:2 Robin, Sigmund


Message History

Sigmund gestures at you while chanting.
You are confused.
You're too confused to cast spells.
There isn't anything here!
You bump into the rock wall.
Sigmund hits you from afar with a +0 scythe!
You bump into the rock wall.
Sigmund breathes a few words.
Sigmund's hands start flickering wildly.
Sigmund barely misses you.
You're too confused to move!
Sigmund barely misses you.
You bump into the rock wall.
You feel less confused.
Sigmund points at you and mumbles some strange words.
The magic dart hits you!
* * * LOW HITPOINT WARNING * * *
Sigmund hits you from afar with a +0 scythe!
Ouch! That really hurt!
You die...

#.#######.
....##... #.#
#..# #....
.... #.# #..#
.........##
#.# #..# ####
#.# #..# #.#
#..#
#.#######..#
#..........#
#####.####@#
#.####.###.##
#......@.....?
######.#####..
#... #####


You could see Sigmund.

Vanquished Creatures
  A worm (D:2)
  2 dart slugs (D:1)
  A leopard gecko (D:1)
  2 bats (D:1)
  3 giant cockroaches (D:1)
  7 goblins
  9 hobgoblins
  5 kobolds (D:1)
  A frilled lizard (D:2)
  4 rats (D:1)
35 creatures vanquished.

Notes
Turn   | Place    | Note
-------+----------+-------------------------------------------
     0 | D:1      | Gynju the Deep Elf Wizard began the quest for the Orb.
     0 | D:1      | Reached XP level 1. HP: 10/10 MP: 7/7
   294 | D:1      | Reached skill level 5 in Spellcasting
   321 | D:1      | Reached XP level 2. HP: 9/15 MP: 6/10
   464 | D:1      | Learned a level 2 spell: Blink
   467 | D:1      | Learned a level 2 spell: Call Imp
  1095 | D:1      | Reached XP level 3. HP: 19/19 MP: 4/12
  1168 | D:1      | Reached skill level 6 in Spellcasting
  1628 | D:2      | Noticed Robin
  1802 | D:2      | Noticed Sigmund
  1814 | D:2      | Mangled by Sigmund

Levels and vault maps discovered:
D:1:      scummos_arrival_gate, layout_loops_ring, minmay_cupped
D:2:      layout_loops_ring, minmay_goblin_kobold_house, uniq_sigmund,
          uniq_terence, uniq_robin

Skill      XL: |  1  2  3 |
---------------+----------+-----
Spellcasting   | 5 6 |  6.3
Dodging        | |  2.4
Stealth        | |  2.4
Conjurations   | |  1.1
Summonings     | |  1.1
Translocations | |  1.1

Action                   || total
-------------------------++-------
Melee: Mace              ||    13
 Cast: Magic Dart        ||   114
  Eat: Chunk             ||     3
Armor: Robe              ||     5
Dodge: Dodged            ||    34

Table legend:
 A = Non-vault XP
 B = Vault XP
 C = Vault XP percentage of total XP
 D = Non-vault monster count
 E = Vault monster count
 F = Vault count percentage of total count
                 A         B        C        D         E       F
            +---------+---------+-------+---------+---------+-------
      Total |      49 |      19 |  27.9 |      25 |      10 |  28.6
            +---------+---------+-------+---------+---------+-------
        D:1 |      41 |      10 |  19.6 |      22 |       5 |  18.5
        D:2 |       8 |       9 |  52.9 |       3 |       5 |  62.5
            +---------+---------+-------+---------+---------+-------
